 Dungeon Crawl Stone Soup version 0.31-a0-232-gb1c03b2570 (webtiles) character file.

Game seed: 487784250050238164

77 qw the Shooter (level 4, -1/26 HPs)
             Began as a Gargoyle Hexslinger on July 6, 2023.
             Killed by divine providence
             ... invoked by an orc priest
              (16 damage)
             ... on level 3 of the Dungeon.
             The game lasted 00:00:47 (1556 turns).

qw the Shooter (Gargoyle Hexslinger)                Turns: 1556, Time: 00:00:48

Health: -1/26      AC: 12    Str: 11    XL:     4   Next: 34%
Magic:  5/5        EV: 10    Int: 20    God:
Gold:   174        SH:  0    Dex: 17    Spells: 4/5 levels left

rFire   . . .        Y - +1 sling
rCold   . . .        (no shield)
rNeg    + . .        d - +0 ring mail
rPois   inf          i - +0 helmet
rElec   +            e - +2 cloak of the Mind {Int+6 Dex+3 Slay-5}
rCorr   .            (no gloves)
SInv    .            (no boots)
Will    .....        (no amulet)
Stlth   +            (no ring)
HPRegen 0.24/turn    (no ring)
MPRegen 0.09/turn

%: no passive effects
@: no status effects
A: sickness immunity, AC +3, negative energy resistance 1, electricity
resistance, torment resistance 1, petrification resistance
a: no special abilities


You were on level 3 of the Dungeon.
You visited 1 branch of the dungeon, and saw 3 of its levels.

You collected 174 gold pieces.


Innate Abilities, Weirdness & Mutations

You are immune to sickness and miasma.
Your stone body is resilient. (AC +3)
You are immune to poison.
You resist negative energy. (rN+)
You are resistant to electric shocks. (rElec)
You are resistant to unholy torment.
You are immune to petrification.


   Skills:
 - Level 2.0 Fighting
 + Level 3.8 Ranged Weapons
 - Level 1.2 Armour
 - Level 1.5 Dodging
 - Level 1.0 Spellcasting
 - Level 2.6 Hexes


You had 4 spell levels left.
You knew the following spells:

 Your Spells              Type           Power      Damage    Failure   Level
a - Slow                  Hex            44%        N/A       14%         1

Your spell library contained the following spells:

 Spells                   Type           Power      Damage    Failure   Level
 Inner Flame              Hex/Fire       6%         N/A       56%         3
 Portal Projectile        Hex/Tloc       12%        N/A       56%         3
 Cause Fear               Hex            5%         N/A       80%         4

Inventory:

Hand Weapons
 Y - a +1 sling (weapon)
Armour
 d - a +0 ring mail (worn)
 e - the +2 cloak of the Mind (worn) {Int+6 Dex+3 Slay-5}
   (You found it on level 2 of the Dungeon)

   Int:       It affects your intelligence (+6).
   Dex:       It affects your dexterity (+3).
   Slay:      It affects your accuracy & damage with ranged weapons and melee
   (-5).
 i - a +0 helmet (worn)
Jewellery
 k - a ring of fire
Scrolls
 a - 2 scrolls of teleportation
 c - a scroll of identify
Potions
 b - a potion of heal wounds {unknown}
 f - a potion of haste {unknown}
 g - a potion of mutation {unknown}
 h - 2 potions of curing
 j - a potion of brilliance {unknown}

Dungeon Overview and Level Annotations

Branches:
Dungeon (3/15)

Altars:
Zin
The Shining One

Shops:
D:2 (:


Message History

The sling bullet hits the orc priest.
The orc priest is moderately wounded.
You hear a shout! x2
An orc comes into view. It is wielding a +0 short sword.
You shoot a sling bullet.
The sling bullet closely misses the orc priest.
The orc priest calls down the wrath of Beogh upon you.
Beogh smites you!
You shoot a sling bullet.
The sling bullet closely misses the orc priest.
1549 ||| FLEEEEING.
You shoot a sling bullet.
The sling bullet closely misses the orc priest.
The orc priest hits you but does no damage.
You shoot a sling bullet. The sling bullet hits the orc priest.
The orc priest is heavily wounded.
The orc priest hits you with a +0 club.
You shoot a sling bullet.
The sling bullet closely misses the orc priest.
The orc priest misses you.
You shoot a sling bullet.
The sling bullet barely misses the orc priest.
An orc wizard comes into view. It is wielding a +0 dagger.
You shoot a sling bullet.
The sling bullet closely misses the orc.
The sling bullet hits the orc.
The orc is heavily wounded.
The orc barely misses you.
You shoot a sling bullet. The sling bullet hits the orc.
The orc is almost dead.
The orc hits you but does no damage.
The orc priest calls upon Beogh to heal the orc.
The orc's wounds heal themselves!
You shoot a sling bullet.
The sling bullet closely misses the orc. x2
The orc barely misses you.
The orc priest mumbles some strange prayers to Beogh against you.
Beogh smites you!
Ouch! That really hurt!
You die...

#.#)))#.#.#.#
#.......#.#.# .#
#.#####.#...##...#
...................
###########..###...
##.# #.## #..# ##@#
#o# #oo...o..
#.o.###.. #.#..#
#.##.# ..# .. ..#
.. ..# .#.


You could see an orc priest, an orc wizard and 2 orcs.

Vanquished Creatures
  2 adders
  2 worms
  A dart slug (D:1)
  3 orcs (D:3)
  8 ball pythons
  5 bats
  3 endoplasms
  A giant cockroach (D:1)
  2 goblins
  7 hobgoblins
  2 quokkas
  2 frilled lizards (D:1)
  4 kobolds (D:1)
  6 rats
48 creatures vanquished.

Notes
Turn   | Place    | Note
-------+----------+-------------------------------------------
     0 | D:1      | qw the Gargoyle Hexslinger began the quest for the Orb.
     0 | D:1      | Reached XP level 1. HP: 12/12 MP: 2/2
     0 | D:1      | 0 ||| qw: Version: 0.3-a-46-gb1f654a
     0 | D:1      | 0 ||| qw: Game counter: 1940
     0 | D:1      | 0 ||| qw: Melee chars always use a shield: true
     0 | D:1      | 0 ||| qw: God list: Okawaru
     0 | D:1      | 0 ||| qw: Allow faded altars: false
     0 | D:1      | 0 ||| qw: Do Orc after clearing Dungeon:15 true
     0 | D:1      | 0 ||| qw: Do second Lair branch before Depths: true
     0 | D:1      | 0 ||| qw: Lair rune preference: random
     0 | D:1      | 0 ||| qw: Goals: Normal
     0 | D:1      | 0 ||| PLANNING D:1-11
    74 | D:1      | Reached XP level 2. HP: 16/16 MP: 3/3
   174 | D:1      | Reached skill level 3 in Ranged Weapons
   658 | D:1      | Reached XP level 3. HP: 21/21 MP: 4/4
   950 | D:1      | 950 ||| UPGRADING to +0 ring mail.
   960 | D:1      | 960 ||| DROPPING +0 robe.
   961 | D:1      | 961 ||| UPGRADING to +0 helmet.
   966 | D:1      | 966 ||| READING 3 scrolls labelled SAV FABRIU.
   969 | D:1      | 969 ||| READING scroll labelled QUIKHL ILIA.
   970 | D:1      | 970 ||| READING scroll labelled OBRYIJ BALAG.
   971 | D:1      | 971 ||| READING scroll labelled GIL WOEXKO.
   972 | D:1      | 972 ||| DRINKING 3 orange potions.
   973 | D:1      | 973 ||| DROPPING scroll of poison.
  1031 | D:2      | Found a glowing golden altar of the Shining One.
  1036 | D:2      | Found Umemmalu's Antique Weapon Emporium.
  1036 | D:2      | Identified the +2 cloak of the Mind {Int+6 Dex+3 Slay-5}
  1046 | D:2      | 1046 ||| SHOPLISTING glowing arbalest (210 gold, have 117).
  1060 | D:2      | Reached skill level 1 in Armour
  1187 | D:2      | Found Hoacvu's Book Emporium.
  1324 | D:2      | 1324 ||| UPGRADING to +2 cloak of the Mind {Int+6 Dex+3
                  | Slay-5}.
  1329 | D:2      | 1329 ||| READING scroll labelled AKHIEPN OSOUL.
  1412 | D:3      | Found a glowing silver altar of Zin.
  1442 | D:3      | Reached XP level 4. HP: 24/26 MP: 5/5
  1549 | D:3      | 1549 ||| FLEEEEING.
  1556 | D:3      | Killed from afar by an orc priest

Levels and vault maps discovered:
D:1:      dpeg_arrival_ternary, layout_basic
D:2:      layout_rooms, basic_altar, serial_shops,
          nicolae_shop_just_a_little_nook, nicolae_shop_dealshenge
D:3:      lemuel_castle_with_subvaults [lemuel_castle_interior_original],
          layout_rooms, amcnicky_altar_gilded,
          mainiacjoe_overflow_cross_hatched, gammafunk_ghost_arena,
          shapermc_ecumenical_altar_mp_ritualfount,
          ebering_dispersal_statue_hall

Skill      XL: |  1  2  3 |
---------------+----------+-----
Ranged Weapons | 3 |  3.8
Fighting       | 2 |  2.0
Armour         | 1 |  1.2
Dodging        | |  1.5
Spellcasting   | |  1.0
Hexes          | |  2.6

Action                     |  1- 3 |  4- 6 || total
---------------------------+-------+-------++-------
   Fire: Sling             |   147 |    59 ||   206
    Use: Scroll            |     5 |       ||     5
         Potion            |     1 |       ||     1
 Armour: Robe              |     7 |       ||     7
         Ring mail         |    19 |    33 ||    52
  Dodge: Dodged            |    34 |    40 ||    74

Table legend:
 A = Non-vault XP
 B = Vault XP
 C = Vault XP percentage of total XP
 D = Non-vault monster count
 E = Vault monster count
 F = Vault count percentage of total count
                 A         B        C        D         E       F
            +---------+---------+-------+---------+---------+-------
      Total |     111 |       0 |   0.0 |      48 |       0 |   0.0
            +---------+---------+-------+---------+---------+-------
        D:1 |      42 |       0 |   0.0 |      26 |       0 |   0.0
        D:2 |      33 |       0 |   0.0 |      12 |       0 |   0.0
        D:3 |      36 |       0 |   0.0 |      10 |       0 |   0.0
            +---------+---------+-------+---------+---------+-------
